 Dungeon Crawl Stone Soup version 0.22-a0-283-g1871b151c7 (webtiles) character file.

2572 Banto the Spear-Bearer (level 9, -1/62 HPs)
             Began as a Demonspawn Gladiator on Mar 1, 2018.
             Was a Follower of Okawaru.
             Killed from afar by an electric eel (11 damage)
             ... with a bolt of electricity
             ... on level 7 of the Dungeon on Mar 19, 2018.
             The game lasted 00:11:19 (7405 turns).

Banto the Spear-Bearer (Demonspawn Gladiator)       Turns: 7405, Time: 00:11:20

Health: -1/62      AC:  7    Str: 21    XL:     9   Next: 32%
Magic:  9/9        EV: 13    Int: 11    God:    Okawaru [*.....]
Gold:   155        SH:  0    Dex: 15    Spells: 8/8 levels left

rFire    . . .     SeeInvis .   a - +1 trident
rCold    + . .     Gourm    .   (no shield)
rNeg     . . .     Faith    .   b - +0 leather armour
rPois    .         Spirit   .   c - +1 helmet
rElec    .         Reflect  .   (no cloak)
rCorr    .         Harm     .   p - +0 pair of gloves
MR       .....                  (no boots)
Stlth    ++........             (no amulet)
HPRegen  0.20/turn              r - ring of flight
MPRegen  0.11/turn              g - ring of ice

@: mighty
A: claws 2, hooves 1, rugged brown scales 1, camouflage 1, fire resistance 1,
powered by pain 1
a: Heroism, Renounce Religion, Evoke Flight


You were on level 7 of the Dungeon.
You worshipped Okawaru.
Okawaru was aware of your devotion.
You were hungry.

You visited 2 branches of the dungeon, and saw 8 of its levels.

You collected 169 gold pieces.
You spent 14 gold pieces at shops.

Inventory:

Hand Weapons
 a - a +1 trident (weapon)
Missiles
 d - a throwing net (quivered)
Armour
 b - a +0 leather armour (worn)
 c - a +1 helmet (worn)
 p - a +0 pair of gloves (worn)
Jewellery
 g - a ring of ice (right hand)
 r - a ring of flight (left hand)
Wands
 k - a wand of paralysis (19)
Scrolls
 e - 7 scrolls of remove curse
 h - 6 scrolls of teleportation
 l - 2 scrolls of enchant weapon
 m - 3 scrolls of identify
 t - a scroll of amnesia {unknown}
 u - a scroll of fog {unknown}
Potions
 i - a potion of agility
 j - 2 potions of brilliance
 n - a potion of flight
 o - a potion of haste {unknown}
 q - a potion of heal wounds
 s - a potion of ambrosia {unknown}
 v - a potion of curing {unknown}
Comestibles
 f - 14 rations


   Skills:
 - Level 2.0 Fighting
 + Level 11.0 Polearms
 - Level 1.7 Throwing
 + Level 4.1 Armour
 - Level 2.6 Dodging


You had 8 spell levels left.
You didn't know any spells.

Dungeon Overview and Level Annotations

Branches:
Dungeon (7/15)             Temple (1/1) D:6

Altars:
Ashenzari
Cheibriados
Dithmenos
Elyvilon
Fedhas
Gozag
Hepliaklqana
Kikubaaqudgha
Makhleb
Nemelex Xobeh
Okawaru
Qazlal
Ru
Trog
Wu Jian
Xom
Yredelemnul
Zin
Jiyva

Shops:
D:4 *   D:5 :   D:7 %

Annotations:
D:6 Dowan


Innate Abilities, Weirdness & Mutations

You have very sharp fingernails.
You are partially covered in rugged brown scales. (AC +1, +3% HP)
You sometimes gain a little power by taking damage.
You have large cloven feet.
Your skin changes colour to match your surroundings (Stealth+).
Your flesh is heat resistant. (rF+)


Message History

You hit the iguana.
You kill the iguana!
Okawaru accepts your kill.
d - a throwing net
Found Paavanob's Food Boutique.
You enter a teleport trap!
The teleport trap disappears.
Your surroundings suddenly seem different.
An electric eel comes into view.
Found 13 gold pieces and a ration.
Found a stone staircase leading up.
Found a ring mail.
Why would you want to do that? Why would you want to do that?
The electric eel shoots out a bolt of lightning at you!
The bolt of electricity hits you!
* * * LOW HITPOINT WARNING * * *
You focus on the pain.
You feel very mighty all of a sudden. The bolt of electricity hits you!
You die...

.#≈# # ##
....≈#.#≈#
#≈
...≈#%..#.
#≈#
#≈#...#..
#≈#
#...#≈#.#≈##
#.#≈#≈#.#;#
#≈#[#≈#...#
#...#.$.#≈#
#@..#≈##
#≈#.#≈##
#≈.≈#≈##
#≈... ##
..≈....
....#.#
#....<.
#.....# ..
..


You could see an electric eel.

Vanquished Creatures
  The ghost of FollowTheCloud the Chiller, a novice HuIE (D:5)
  The ghost of SnubMonkey the Insei, an amateur OpTm (D:4)
  Sigmund (D:6)
  Eustachio (D:6)
  Duvessa (D:6)
  2 phantoms
  A sky beast (D:6)
  2 ice beasts
  2 ogres (D:5)
  Blork the orc (D:4)
  A bullfrog (D:6)
  A scorpion (D:3)
  An electric eel (D:6)
  A howler monkey (D:5)
  A crimson imp (D:6)
  A hound (D:5)
  An orc priest (D:4)
  5 orc wizards
  2 iguanas
  5 worker ants
  A hound zombie (D:5)
  A hound skeleton (D:5)
  13 gnolls
  6 adders
  A shadow imp (D:5)
  2 oozes
  An adder skeleton (D:4)
  3 worms
  4 dart slugs
  3 leopard geckos
  12 orcs
  9 bats
  4 giant cockroaches
  10 goblins
  7 hobgoblins
  8 jackals
  2 quokkas
  3 frilled lizards
  A giant cockroach zombie (D:5)
  2 jackal skeletons (D:6)
  4 kobolds
  7 rats
136 creatures vanquished.

Notes
Turn   | Place    | Note
-------+----------+-------------------------------------------
     0 | D:1      | Banto the Demonspawn Gladiator began the quest for the Orb.
     0 | D:1      | Reached XP level 1. HP: 16/16 MP: 1/1
   164 | D:1      | Reached skill level 3 in Polearms
   287 | D:1      | Gained mutation: You have sharp fingernails. [demonic ancestry]
   287 | D:1      | Reached XP level 2. HP: 18/22 MP: 2/2
   826 | D:2      | Reached XP level 3. HP: 27/27 MP: 3/3
  1071 | D:2      | Reached skill level 4 in Polearms
  1354 | D:2      | Gained mutation: You have large cloven feet. [potion of mutation]
  1354 | D:2      | Gained mutation: Your flesh is heat resistant. (rF+) [potion of mutation]
  1354 | D:2      | Gained mutation: Your skin changes colour to match your surroundings (Stealth+). [potion of mutation]
  1375 | D:2      | Found a shattered altar of Ashenzari.
  1735 | D:3      | Reached XP level 4. HP: 33/33 MP: 4/4
  1831 | D:3      | Reached skill level 5 in Polearms
  1867 | D:3      | Found an ornate altar of the Wu Jian Council.
  1867 | D:3      | Found a glowing silver altar of Zin.
  1869 | D:3      | Found a sacrificial altar of Ru.
  1869 | D:3      | Found a white marble altar of Elyvilon.
  1872 | D:3      | Found a basalt altar of Yredelemnul.
  1969 | D:3      | Reached XP level 5. HP: 38/38 MP: 5/5
  2252 | D:3      | Upgraded the game from 0.22-a0-252-gcace5d2d35 to 0.22-a0-283-g1871b151c7
  2377 | D:4      | Noticed SnubMonkey's ghost (amateur OpTm)
  2965 | D:4      | Reached skill level 6 in Polearms
  3136 | D:3      | Gained mutation: You have very sharp fingernails. [demonic ancestry]
  3136 | D:3      | Reached XP level 6. HP: 44/44 MP: 6/6
  3210 | D:4      | Found Tisho's General Store.
  3512 | D:4      | Reached skill level 7 in Polearms
  3621 | D:4      | Bought a potion of degeneration for 14 gold pieces
  3698 | D:4      | Noticed Blork the orc
  4016 | D:4      | Killed Blork the orc
  4016 | D:4      | Reached XP level 7. HP: 43/50 MP: 7/7
  4203 | D:4      | Killed SnubMonkey's ghost
  4203 | D:4      | Reached skill level 8 in Polearms
  4207 | D:5      | Entered Level 5 of the Dungeon
  4222 | D:5      | Found Wapteiga's Book Shop.
  4950 | D:5      | Reached skill level 9 in Polearms
  4950 | D:5      | Gained mutation: You sometimes gain a little power by taking damage. [demonic ancestry]
  4950 | D:5      | Reached XP level 8. HP: 49/56 MP: 8/8
  5441 | D:5      | Noticed FollowTheCloud's ghost (novice HuIE)
  5476 | D:5      | Killed FollowTheCloud's ghost
  5476 | D:5      | Reached skill level 10 in Polearms
  5687 | D:5      | Found a bloodstained altar of Trog.
  5910 | D:5      | Reached skill level 1 in Armour
  6056 | D:6      | Found a staircase to the Ecumenical Temple.
  6158 | Temple   | Entered the Ecumenical Temple
  6294 | Temple   | Became a worshipper of Warmaster Okawaru
  6618 | D:6      | Gained mutation: You are partially covered in rugged brown scales. (AC +1, +3% HP) [demonic ancestry]
  6618 | D:6      | Reached XP level 9. HP: 52/62 MP: 9/9
  6850 | D:6      | Noticed Eustachio
  6869 | D:6      | Killed Eustachio
  6923 | D:6      | Noticed Sigmund
  6988 | D:6      | Killed Sigmund
  7111 | D:6      | Found a snail-covered altar of Cheibriados.
  7116 | D:6      | Reached * piety under Okawaru
  7286 | D:6      | Noticed Dowan
  7288 | D:6      | Noticed Duvessa
  7348 | D:6      | Killed Duvessa
  7348 | D:6      | Reached skill level 11 in Polearms
  7399 | D:7      | Found Paavanob's Food Boutique.
  7405 | D:7      | Killed from afar by an electric eel

Vault maps used:
D:1:      roderic_octagonal_star
D:2:      ashenzari_conservatory_becter
D:3:      grunt_temple_overflow_open
D:4:      serial_shops, kennysheep_mini, first_ration, uniq_blork_the_orc
D:5:      serial_shops, shop, trog_book
D:6:      temple_statues, kennysheep_flooded_box, grunt_ministairs_5,
          uniq_eustachio, uniq_sigmund, uniq_duvessa
D:7:      nicolae_overflow_hidden_temple, enter_ossuary_4, serial_shops, shop,
          shop, shop, minmay_misc_feat_cross, nicolae_water_bricks
Temple:   pf_slime_end_temple

Skill      XL: |  1  2  3  4  5  6  7  8  9 |
---------------+----------------------------+-----
Polearms       | 3 4 5 6 7 9 10 11 | 11.0
Armour         | 2 4 |  4.1
Fighting       | |  2.0
Throwing       | |  1.7
Dodging        | |  2.6

Action                   |  1- 3 |  4- 6 |  7- 9 || total
-------------------------+-------+-------+-------++-------
Melee: Trident           |   115 |   184 |   323 ||   622
       Kick              |     4 |    44 |    76 ||   124
Throw: Throwing net      |       |     2 |     1 ||     3
  Use: Scroll            |     9 |     2 |     1 ||    12
       Potion            |     1 |       |       ||     1
 Stab: Sleeping          |     4 |     4 |     3 ||    11
       Distracted        |       |       |     1 ||     1
  Eat: Chunk             |     2 |     4 |    11 ||    17
       Ration            |       |     1 |       ||     1
Armor: Leather armour    |    27 |    37 |    46 ||   110
Dodge: Dodged            |    60 |    69 |   119 ||   248

Table legend:
 A = Spawn XP
 B = Non-spawn XP
 C = Spawn XP percentage of total XP
 D = Spawn monster count
 E = Non-spawn monster count
 F = Spawn count percentage of total count
 G = Total turns spent on level
                    A         B        C        D         E        F      G
               +---------+---------+-------+---------+---------+-------+---------
         Total |       0 |    3675 |   0.0 |       0 |     136 |   0.0 |  7405
               +---------+---------+-------+---------+---------+-------+---------
           D:1 |       0 |      38 |   0.0 |       0 |      21 |   0.0 |   743
           D:2 |       0 |      53 |   0.0 |       0 |      15 |   0.0 |   943
           D:3 |       0 |     298 |   0.0 |       0 |      25 |   0.0 |  1481
           D:4 |       0 |     684 |   0.0 |       0 |      18 |   0.0 |  1238
           D:5 |       0 |    1312 |   0.0 |       0 |      31 |   0.0 |  1591
           D:6 |       0 |    1253 |   0.0 |       0 |      25 |   0.0 |  1213
           D:7 |       0 |      37 |   0.0 |       0 |       1 |   0.0 |    42
               +---------+---------+-------+---------+---------+-------+---------

Table legend:
 A = Turns spent in this place as a percentage of turns spent in the entire game.
 B = Non-inter-level travel turns spent in this place as a percentage of non-inter-level travel turns spent in the entire game.
 C = Inter-level travel turns spent in this place as a percentage of turns spent in this place.
 D = Turns resting spent in this place as a percentage of non-inter-level travel turns spent in this place.
 E = Turns spent auto-exploring this place as a percentage of non-inter-level travel turns spent in this place.
 F = Non-inter-level travel turns spent in this place divided by the number of levels of this place that you've seen.
                   A       B       C       D       E      F
               +-------+-------+-------+-------+-------+----------------------
         Total | 100.0 | 100.0 |   2.9 |  34.8 |  43.8 | 898.4
       Dungeon |  97.9 |  98.3 |   2.6 |  35.4 |  42.9 | 1009.1
        Temple |   2.1 |   1.7 |  20.1 |   0.0 |  97.6 | 123.0
               +-------+-------+-------+-------+-------+----------------------

Table legend:
 A = Kills in this place as a percentage of kills in entire the game.
 B = Kills by you in this place as a percentage of kills by you in the entire game.
 C = Kills by friends in this place as a percentage of kills by friends in the entire game.
 D = Other kills in this place as a percentage of other kills in the entire game.
 E = Experience gained in this place as a percentage of experience gained in the entire game.
 F = Experience gained in this place divided by the number of levels of this place that you have seen.
                   A       B       C       D       E      F
               +-------+-------+-------+-------+-------+----------------------
         Total | 100.0 | 100.0 |   N/A |   N/A | 100.0 | 459.4
       Dungeon | 100.0 | 100.0 |   N/A |   N/A | 100.0 | 525.0
               +-------+-------+-------+-------+-------+----------------------
